 Dungeon Crawl Stone Soup version 0.25-a0-1136-gc1285e62ab (webtiles) character file.

Game seed: 15866372266614352473, levelgen mode: deterministic

56 Morbidden the Skirmisher (level 3, 5/29 HPs)
             Began as a Demonspawn Fighter on May 23, 2020.
             Quit the game on level 2 of the Dungeon.
             The game lasted 00:01:51 (1661 turns).

Morbidden the Skirmisher (Demonspawn Fighter)       Turns: 1661, Time: 00:01:52

Health: 5/29       AC:  9    Str: 16    XL:     3   Next: 69%
Magic:  3/3        EV:  4    Int: 10    God:
Gold:   143        SH:  8    Dex: 12    Spells: 2/2 levels left

rFire    . . .     SeeInvis .   b - +0 dagger (elec)
rCold    . . .     Gourm    .   c - +0 kite shield
rNeg     . . .     Faith    .   h - +0 chain mail
rPois    .         Spirit   .   (no helmet)
rElec    .         Reflect  .   l - +0 cloak
rCorr    .         Harm     .   (no gloves)
MR       .....                  (no boots)
Stlth    ..........             (no amulet)
HPRegen  0.09/turn              (no ring)
MPRegen  0.08/turn              (no ring)

@: drained
A: claws 1, rot immunity
a: no special abilities


You were on level 2 of the Dungeon.
You were hungry.

You visited 1 branch of the dungeon, and saw 2 of its levels.

You collected 143 gold pieces.

Inventory:

Hand Weapons
 a - a +0 long sword
 b - a +0 dagger of electrocution (weapon)
Armour
 c - a +0 kite shield (worn)
 h - a +0 chain mail (worn)
 l - a +0 cloak (worn)
Wands
 g - a wand of digging (5)
Scrolls
 e - 2 scrolls of teleportation {unknown}
 i - a scroll of fear {unknown}
 k - 2 scrolls of identify {unknown}
 n - a scroll of magic mapping {unknown}
Potions
 d - a potion of might
 j - a potion of cancellation {unknown}
Comestibles
 f - 5 rations
 m - 2 chunks of flesh


   Skills:
 * Level 3.3(2.5) Fighting
 + Level 0.3(0.7) Short Blades
 - Level 2.4(1.6) Long Blades
 + Level 3.0(2.1) Armour
 + Level 3.2(2.4) Shields


You had 2 spell levels left.
You didn't know any spells.
Your spell library was empty.

Dungeon Overview and Level Annotations

Branches:
Dungeon (2/15)

Altars:


Innate Abilities, Weirdness & Mutations

You have sharp fingernails.
You are immune to rotting.


Message History

The goblin barely misses you.
You hit the worm but do no damage.
The worm is lightly wounded.
The worm barely misses you. The goblin hits you but does no damage.
You hit the worm.
The worm is lightly wounded.
The worm bites you but does no damage. You block the goblin's attack.
You hit the worm. Lightning courses through the worm!!
You kill the worm!
The goblin hits you but does no damage. The goblin hits you but does no damage.
You see here an adder corpse.
You hit the goblin but do no damage. Lightning courses through the goblin!!
You kill the goblin!
Things that are here:
a cursed -2 club; a goblin corpse Quiver which item? (- for none, * to show all) (? for menu, Esc to quit)
Okay, then.
Unknown command.
Are you sure you want to abandon this character and quit the game? (Confirm with "yes".)

#...................##
#..........#.####....#
#..........#.# #....#
#..........#.## #....#
#####.....##..# #....#
#.....###.###....#
........ #..##....#
.......#.##.##....#
.......#.##†@#.####
##.#.# #...# ##..#
#..# #.....$.>#
+.......## #........
#........


There were no monsters in sight!

Vanquished Creatures
  An adder (D:2)
  An ooze (D:2)
  2 worms (D:2)
  A leopard gecko (D:1)
  6 bats
  A giant cockroach (D:2)
  4 goblins
  4 hobgoblins (D:1)
  2 jackals (D:1)
  2 ball pythons (D:1)
  A frilled lizard (D:1)
  6 kobolds (D:1)
  2 rats
33 creatures vanquished.

Notes
Turn   | Place    | Note
-------+----------+-------------------------------------------
     0 | D:1      | Morbidden the Demonspawn Fighter began the quest for the
                  | Orb.
     0 | D:1      | Reached XP level 1. HP: 18/18 MP: 1/1
   174 | D:1      | Gained mutation: You are immune to rotting. [demonic
                  | ancestry]
   174 | D:1      | Reached XP level 2. HP: 19/24 MP: 2/2
  1375 | D:2      | Gained mutation: You have sharp fingernails. [demonic
                  | ancestry]
  1375 | D:2      | Reached XP level 3. HP: 29/29 MP: 3/3
  1661 | D:2      | Quit the game

Illustrated notes

Levels and vault maps discovered:
D:1:      dpeg_arrival_tiny_g, layout_basic
D:2:      layout_basic, wad_orctagon, uniq_jessica

Skill      XL: |  1  2  3 |
---------------+----------+-----
Shields        | 3 |  3.2
Long Blades    | 2 |  2.4
Armour         | 3 |  3.0
Fighting       | |  3.3
Short Blades   | |  0.3

Action                   || total
-------------------------++-------
Melee: Long sword        ||    81
       Dagger            ||    49
  Eat: Chunk             ||     2
Armor: Scale mail        ||     9
       Chain mail        ||    75
Dodge: Dodged            ||    37
Block: Kite shield       ||    73
       Rpst.: Long sword ||    10

Table legend:
 A = Non-vault XP
 B = Vault XP
 C = Vault XP percentage of total XP
 D = Non-vault monster count
 E = Vault monster count
 F = Vault count percentage of total count
                 A         B        C        D         E       F
            +---------+---------+-------+---------+---------+-------
      Total |      80 |       0 |   0.0 |      33 |       0 |   0.0
            +---------+---------+-------+---------+---------+-------
        D:1 |      40 |       0 |   0.0 |      23 |       0 |   0.0
        D:2 |      40 |       0 |   0.0 |      10 |       0 |   0.0
            +---------+---------+-------+---------+---------+-------
